 Dungeon Crawl Stone Soup version 0.19-a0-526-gbe2e51c (webtiles) character file.

100415 Geppetto the Imperceptible (level 15, -4/80 HPs)
             Began as a Spriggan Berserker on June 6, 2016.
             Was a High Priest of Trog.
             Slain by a swamp worm (19 damage)
             ... on level 2 of the Swamp on June 7, 2016.
             The game lasted 01:37:39 (29702 turns).

Geppetto the Imperceptible (Spriggan Berserker)    Turns: 29702, Time: 01:37:42

Health: -4/80      AC: 10    Str: 13    XL:     15   Next: 80%
Magic:  16/16      EV: 37    Int: 16    God:    Trog [*****.]
Gold:   2116       SH:  0    Dex: 22    Spells: 0 memorised, 14 levels left

rFire  + . .     SeeInvis +     a - +7 rapier (venom)
rCold  + . .     Gourm    .     N - +2 robe {rC+ rF+}
rNeg   . . .     Faith    +     (shield restricted)
rPois  +         Spirit   .     Z - +2 hat
rElec  .         Dismiss  .     d - +2 cloak
rCorr  .         Reflect  .     (gloves unavailable)
SustAt .         Harm     .     (boots unavailable)
MR     ++...                    E - amulet of faith
Stlth  +++++++++.               M - +3 ring of intelligence
                                L - ring of poison resistance

@: very quick, very resistant to hostile enchantments, incredibly stealthy
A: unfitting armour, hooves 1, icy blue scales 1, see invisible, agile 1, clever
1, herbivore 3, speed 3, slow metabolism 2
a: Berserk, Trog's Hand, Brothers in Arms, Burn Spellbooks, Renounce Religion


You were on level 2 of the Swamp.
You worshipped Trog.
Trog was extremely pleased with you.
You were not hungry.

You visited 4 branches of the dungeon, and saw 24 of its levels.
You also visited: Bailey.

You collected 2413 gold pieces.
You spent 297 gold pieces at shops.

Inventory:

Hand Weapons
 a - a +7 rapier of venom (weapon)
 b - a +1 arbalest of flaming
 C - a +6 quick blade
 V - a +1 rapier of draining
 X - a +0 blowgun
Missiles
 x - 46 poisoned needles
 Y - 34 bolts
Armour
 d - a +2 cloak (worn)
 N - a +2 robe of resistance (worn)
 Z - a +2 hat (worn)
Jewellery
 n - an uncursed amulet of guardian spirit
 q - an uncursed ring of magical power
 A - an uncursed ring of flight
 E - an amulet of faith (around neck)
 L - a ring of poison resistance (left hand)
 M - a +3 ring of intelligence (right hand)
Wands
 o - a wand of slowing (36/48)
 p - a wand of digging (11/24)
 r - a wand of acid (4/15)
 t - a wand of iceblast (8/15)
 w - a wand of enslavement (16/24)
 G - a wand of acid (10/15)
 H - a wand of heal wounds (0/9)
 K - a wand of polymorph (12/24)
 R - a wand of acid (3/15)
 S - a wand of confusion (7/48)
 W - a wand of confusion (20/48)
Scrolls
 j - 15 scrolls of teleportation
 s - 8 scrolls of remove curse
 v - a scroll of fog
 z - 3 scrolls of blinking
 I - 5 scrolls of enchant armour
 J - a scroll of summoning
 T - a scroll of identify
 U - a scroll of recharging
Potions
 e - 8 potions of curing
 f - 3 potions of brilliance
 g - 4 potions of flight
 h - 3 potions of lignification
 i - 3 potions of resistance
 k - 2 potions of agility
 l - 3 potions of invisibility
 m - 2 potions of might
 y - a potion of magic
 B - 2 potions of heal wounds
 D - 2 potions of ambrosia
 F - 4 potions of berserk rage
 O - a potion of cure mutation
Miscellaneous
 u - a fan of gales
Comestibles
 c - 5 bread rations
 P - a royal jelly
 Q - 4 fruits


   Skills:
 - Level 10.0 Fighting
 - Level 14.4 Short Blades
 * Level 6.8 Crossbows
 + Level 19.5 Dodging
 + Level 22.5 Stealth


You had 14 spell levels left.
You didn't know any spells.

Dungeon Overview and Level Annotations

Branches:
Dungeon (12/15)            Temple (0/1) D:4            Lair (8/8) D:10
  Swamp (2/4) Lair:3        Snake (0/4) Lair:3        Slime (0/6) Lair:7
    Orc (2/2) D:11            Elf (0/3) Orc:2

Altars:
Cheibriados
Fedhas
Gozag
Kikubaaqudgha
Nemelex Xobeh
Qazlal
Ru
Sif Muna
Trog
Vehumet
Xom
The Shining One
Beogh
Jiyva

Shops:
D:8 }   Orc:1 *   Orc:2 =*[(


Innate Abilities, Weirdness & Mutations

You are tiny and cannot use many weapons and most armour.
You have supernaturally acute eyesight. (SInv)
You are a herbivore.
You cover ground extremely quickly.
You need consume almost no food.
You have large cloven feet.
You are partially covered in icy blue scales. (AC +1)
You are agile. (Dex +2)
Your mind is acute. (Int +2)


Message History

The giant leech completely misses you. The swamp worm completely misses you.
You closely miss the giant leech.
The giant leech is severely wounded.
The giant leech completely misses you.
You hit the giant leech.
You kick the giant leech, but do no damage.
The giant leech is severely wounded.
The swamp worm bites you! The giant leech completely misses you.
You hit the giant leech. Your kick misses the giant leech.
The giant leech is almost dead.
The swamp worm completely misses you. The giant leech completely misses you.
You closely miss the giant leech. Your kick misses the giant leech.
The giant leech is almost dead.
You hit the giant leech.
You kill the giant leech!
Trog accepts your kill. The giant leech bites you!!
* * * LOW HITPOINT WARNING * * *
The swamp worm bites you!!
You die...

♣♣♣♣ ♣♣♣..♣♣♣♣ ♣♣♣ ≈♣
♣..≈≈...♣♣ ♣§♣♣♣♣ ≈≈♣
♣.§≈≈....♣ ♣♣..≈≈≈
..≈♣♣♣♣♣♣♣..§§≈≈♣♣♣♣♣≈...≈≈
....... ♣...≈≈.[...≈.≈≈≈≈≈
..≈≈..≈♣♣♣≈..§....≈≈%.≈≈≈≈≈
.≈≈≈..§>≈♣≈≈≈.....≈......≈♣
..≈≈......@♣.....≈≈≈♣♣..♣♣♣
.≈≈..≈≈≈.†ww.≈≈..≈≈.♣♣...♣♣
≈≈≈≈≈≈≈≈≈.≈≈≈≈≈...♣♣♣≈≈≈≈.♣
≈≈≈≈≈≈≈≈.≈≈≈≈≈≈..†≈♣♣.≈≈≈≈.
.≈≈≈≈≈≈≈......≈≈≈≈..≈.≈≈≈≈≈
(....(≈.≈....≈≈≈≈≈≈(..≈≈≈≈≈
♣♣♣♣♣♣≈...≈≈≈≈≈≈≈≈≈≈♣♣≈≈≈≈≈
♣.≈≈≈≈≈≈≈≈≈≈≈≈≈♣♣.≈≈≈≈
♣≈≈≈≈♣♣≈≈≈≈≈..≈♣♣♣♣.≈≈


You could see a giant leech and a swamp worm.

Vanquished Creatures
  Saint Roka (Orc:2)
  Gastronok (Lair:3)
  An orc warlord (Orc:1)
  Harold (Lair:3)
  19 hydras
  5 catoblepae
  15 death yaks (Lair:8)
  4 alligators (Swamp:1)
  An orc high priest (Orc:2)
  A fire crab (Lair:8)
  An unseen horror (D:11)
  Pikel (D:5)
  A shambling mangrove (Swamp:2)
  3 swamp dragons
  7 orc knights
  A griffon (Lair:7)
  3 orc sorcerers (Orc:2)
  A manticore (D:11)
  An ugly thing (D:11)
  2 centaur zombies
  The ghost of Xiguana the Grappler, a novice VSMo (D:6)
  5 black mambas
  16 elephants
  8 spiny frogs
  A rime drake (Lair:5)
  9 komodo dragons
  3 two-headed ogres
  3 trolls
  9 polar bears
  18 blink frogs
  Grinder (D:4)
  A giant leech (Swamp:2)
  3 bog bodies (Swamp:1)
  3 slime creatures (Swamp:2)
  Sigmund (D:4)
  6 spriggans
  2 wyverns
  Eustachio (D:4)
  A shadow (Swamp:2)
  57 yaks
  14 hippogriffs
  2 hungry ghosts
  5 basilisks
  15 vampire mosquitoes
  5 wargs
  2 mottled dragons (D:11)
  A naga (Lair:3)
  9 swamp worms
  5 insubstantial wisps (Swamp:1)
  Menkaure (D:6)
  Duvessa (D:6)
  21 water moccasins
  31 orc warriors
  A sky beast (D:6)
  3 slaves (D:5)
  6 swamp drakes
  9 porcupines
  2 black bears
  A phantom (D:6)
  7 wasps
  6 wolves
  10 ogres
  10 centaurs
  30 crocodiles
  A big kobold (D:10)
  17 giant frogs
  Dowan (D:6)
  3 killer bees (D:11)
  2 electric eels (Lair:3)
  7 wights
  3 howler monkeys
  2 crimson imps (D:5)
  A giant frog zombie (D:8)
  3 giant frog skeletons
  9 hounds
  14 orc priests
  5 centaur skeletons
  3 iguanas
  22 orc wizards
  4 worker ants
  A killer bee zombie (D:9)
  40 sheep
  A worker ant zombie (D:9)
  Robin (D:4)
  10 gnolls
  9 adders
  25 river rats
  2 shadow imps
  An ooze (D:5)
  5 worms
  5 dart slugs
  3 giant geckos
  91 orcs
  3 bats (D:1)
  6 giant cockroaches
  23 goblins
  5 hobgoblins
  19 jackals
  5 quokkas
  A ball python (D:1)
  A giant newt (D:7)
  A jackal skeleton (D:4)
  16 kobolds
  A quokka zombie (D:4)
  7 rats
  A plant (Lair:6)
796 creatures vanquished.

Vanquished Creatures (collateral kills)
  The ghost of Xiguana the Cleaver, a novice HOFi of Okawaru (Bailey)
  An orc knight (Orc:2)
  A troll (Orc:1)
  A spriggan (Swamp:1)
  10 orc warriors
  A wasp (Swamp:1)
  2 orc wizards (Orc:2)
  13 orcs
30 creatures vanquished.

Vanquished Creatures (others)
  A wizard (D:8)
  19 fungi
  4 plants (Lair:8)
24 creatures vanquished.

Grand Total: 850 creatures vanquished

Notes
Turn   | Place    | Note
--------------------------------------------------------------
     0 | D:1      | Geppetto the Spriggan Berserker began the quest for the Orb.
     0 | D:1      | Reached XP level 1. HP: 11/11 MP: 2/2
   261 | D:1      | Reached XP level 2. HP: 16/16 MP: 3/3
   274 | D:1      | Found a sparkling altar of Nemelex Xobeh.
   275 | D:1      | Reached skill level 1 in Stealth
   567 | D:1      | Reached skill level 2 in Stealth
   608 | D:1      | Reached ** piety under Trog
   648 | D:1      | Reached XP level 3. HP: 17/19 MP: 4/4
  1713 | D:2      | Reached skill level 5 in Short Blades
  1758 | D:2      | Noticed a centaur
  1768 | D:2      | Killed a centaur
  1768 | D:2      | Reached skill level 3 in Stealth
  1768 | D:2      | Reached XP level 4. HP: 23/23 MP: 3/5
  1768 | D:2      | Reached XP level 5. HP: 27/27 MP: 3/6
  1898 | D:2      | Found a sacrificial altar of Ru.
  2194 | D:2      | Gained mutation: Your muscles are strong. (Str +2) [potion of beneficial mutation]
  2221 | D:3      | Reached skill level 4 in Stealth
  2288 | D:3      | Reached *** piety under Trog
  2647 | D:4      | Noticed Sigmund
  2653 | D:4      | Reached skill level 5 in Stealth
  2653 | D:4      | Reached XP level 6. HP: 28/32 MP: 4/7
  2856 | D:4      | Noticed Robin
  2880 | D:4      | Killed Robin
  3271 | D:4      | Noticed Eustachio
  3287 | D:4      | Killed Eustachio
  3287 | D:4      | Reached skill level 6 in Stealth
  3287 | D:4      | Reached XP level 7. HP: 35/35 MP: 8/8
  3294 | D:4      | Reached **** piety under Trog
  3397 | D:4      | Found a staircase to the Ecumenical Temple.
  3543 | D:4      | Noticed Grinder
  3558 | D:4      | Killed Sigmund
  3558 | D:4      | Reached skill level 7 in Stealth
  3567 | D:4      | Killed Grinder
  3856 | D:5      | Entered Level 5 of the Dungeon
  3908 | D:5      | Noticed Pikel
  3913 | D:5      | Killed Pikel
  3913 | D:5      | Reached skill level 10 in Short Blades
  3913 | D:5      | Reached skill level 9 in Stealth
  3913 | D:5      | Reached XP level 8. HP: 39/39 MP: 9/9
  4252 | D:5      | Found a sacrificial altar of Ru.
  4545 | D:5      | Found a bloodstained altar of Trog.
  4545 | D:5      | Found a glowing golden altar of the Shining One.
  4546 | D:5      | Found a blossoming altar of Fedhas.
  4665 | D:6      | Reached skill level 10 in Stealth
  4785 | D:6      | Reached XP level 9. HP: 23/46 MP: 5/10
  5124 | D:6      | Noticed Xiguana's ghost (novice VSMo)
  5141 | D:6      | Killed Xiguana's ghost
  5141 | D:6      | Reached skill level 11 in Stealth
  5250 | D:6      | Found a deep blue altar of Sif Muna.
  5641 | D:6      | Noticed Menkaure
  5646 | D:6      | Killed Menkaure
  5861 | D:6      | Noticed Dowan
  5863 | D:6      | Noticed Duvessa
  5879 | D:6      | Killed Duvessa
  5881 | D:6      | Killed Dowan
  6237 | D:7      | Reached ***** piety under Trog
  6237 | D:7      | Reached skill level 12 in Stealth
  6459 | D:7      | Reached skill level 10 in Dodging
  6548 | D:7      | Reached XP level 10. HP: 51/51 MP: 11/11
  6737 | D:8      | Found Ver Urie's Gadget Boutique.
  6835 | D:8      | Received a gift from Trog
  6835 | D:8      | Reached skill level 13 in Stealth
  7002 | D:8      | Found a bloodstained altar of Trog.
  7004 | D:8      | Noticed a wizard
  7010 | D:8      | Killed a wizard
  7688 | D:9      | Found a shimmering altar of Xom.
  7754 | D:9      | Gained mutation: You are partially covered in icy blue scales. (AC +1) [potion of mutation]
  7754 | D:9      | Gained mutation: Your mind is acute. (Int +2) [potion of mutation]
  7754 | D:9      | Gained mutation: You have large cloven feet. [potion of mutation]
  7755 | D:9      | Lost mutation: Your muscles are strong. (Str +2) [potion of mutation]
  7893 | D:9      | Found a stormy altar of Qazlal.
  8035 | D:9      | Found an ancient bone altar of Kikubaaqudgha.
  8123 | D:9      | Found an opulent altar of Gozag.
  8351 | D:10     | Entered Level 10 of the Dungeon
  8354 | D:10     | Reached skill level 14 in Stealth
  9111 | D:10     | Found a staircase to the Lair.
  9387 | D:11     | Reached XP level 11. HP: 54/54 MP: 12/12
  9409 | D:11     | Noticed a brown ugly thing
  9413 | D:11     | Killed a brown ugly thing
  9484 | D:11     | Noticed an unseen horror
  9488 | D:11     | Killed an unseen horror
  9488 | D:11     | Reached skill level 15 in Stealth
  9594 | D:11     | Found a snail-covered altar of Cheibriados.
  9953 | D:11     | Found a staircase to the Orcish Mines.
 10571 | D:12     | Found a flagged portal.
 10612 | Bailey   | Entered a bailey
 10759 | Bailey   | Gained mutation: You are agile. (Dex +2) [potion of beneficial mutation]
 10762 | Bailey   | Noticed an orc knight
 10768 | Bailey   | Noticed an orc knight
 10771 | Bailey   | Noticed Xiguana's ghost (novice HOFi)
 10773 | Bailey   | Killed an orc knight
 10794 | Bailey   | Killed an orc knight
 10794 | Bailey   | Reached skill level 16 in Stealth
 10810 | Bailey   | Killed Xiguana's ghost
 10926 | Bailey   | Noticed an orc knight
 10945 | Bailey   | Killed an orc knight
 10978 | Bailey   | Identified a scroll of acquirement
 11161 | Lair:1   | Entered Level 1 of the Lair of Beasts
 11273 | Lair:1   | Received a gift from Trog
 12171 | Lair:2   | Noticed a seven-headed hydra
 12176 | Lair:2   | Killed a seven-headed hydra
 12176 | Lair:2   | Reached XP level 12. HP: 59/59 MP: 13/13
 12187 | Lair:2   | Reached skill level 17 in Stealth
 12907 | Lair:2   | Found an ancient bone altar of Kikubaaqudgha.
 13303 | Lair:3   | Noticed Harold
 13308 | Lair:3   | Killed Harold
 13356 | Lair:3   | Received a gift from Trog
 13432 | Lair:3   | Found a staircase to the Snake Pit.
 13981 | Lair:3   | Reached skill level 18 in Stealth
 14153 | Lair:3   | Noticed Gastronok
 14200 | Lair:3   | Killed Gastronok
 14485 | Lair:3   | Found a staircase to the Swamp.
 14958 | Lair:4   | Noticed a four-headed hydra
 14968 | Lair:4   | Killed a four-headed hydra
 14968 | Lair:4   | Reached skill level 15 in Dodging
 15057 | Lair:4   | Noticed an eight-headed hydra
 15068 | Lair:4   | Killed an eight-headed hydra
 15068 | Lair:4   | Reached XP level 13. HP: 63/63 MP: 14/14
 15778 | Lair:4   | Received a gift from Trog
 15822 | Lair:4   | Reached skill level 19 in Stealth
 16251 | Lair:5   | Reached ****** piety under Trog
 17832 | Lair:6   | Reached skill level 5 in Fighting
 18462 | Lair:6   | Found a radiant altar of Vehumet.
 18684 | Lair:7   | Reached skill level 20 in Stealth
 18814 | Lair:7   | Received a gift from Trog
 19355 | Lair:7   | Reached XP level 14. HP: 70/70 MP: 15/15
 19555 | Lair:7   | Found a staircase to the Slime Pits.
 19555 | Lair:7   | Found a viscous altar of Jiyva.
 19790 | Lair:8   | Entered Level 8 of the Lair of Beasts
 20118 | Lair:8   | Received a gift from Trog
 20820 | Lair:8   | Reached skill level 21 in Stealth
 22242 | Lair:8   | Received a gift from Trog
 22960 | Orc:1    | Entered Level 1 of the Orcish Mines
 22961 | Orc:1    | Upgraded the game from 0.19-a0-517-gd6a9987 to 0.19-a0-526-gbe2e51c
 23162 | Orc:2    | Entered Level 2 of the Orcish Mines
 23400 | Orc:2    | Found a staircase to the Elven Halls.
 23472 | Orc:2    | Reached skill level 10 in Fighting
 23617 | Orc:1    | Found a roughly hewn altar of Beogh.
 23617 | Orc:1    | Noticed an orc warlord
 23739 | Orc:1    | Found Oras's General Store.
 23978 | Orc:2    | Noticed Saint Roka
 23991 | Orc:2    | Found a roughly hewn altar of Beogh.
 24006 | Orc:2    | Killed Saint Roka
 24006 | Orc:2    | Reached XP level 15. HP: 20/80 MP: 16/16
 24434 | Orc:2    | Received a gift from Trog
 24920 | Orc:2    | Found Neinyso's Jewellery Shoppe.
 24931 | Orc:2    | Reached skill level 1 in Crossbows
 25081 | Orc:2    | Found Zyh Utargh's General Store.
 25086 | Orc:2    | Found Ycvo's Antique Weapon Shoppe.
 25254 | Orc:2    | Found Tiosanni's Antique Armour Shoppe.
 25293 | Orc:2    | Bought a scroll of enchant armour for 97 gold pieces
 25293 | Orc:2    | Bought a bread ration for 65 gold pieces
 25293 | Orc:2    | Bought a scroll of remove curse for 39 gold pieces
 25394 | Orc:2    | Bought an embroidered hat for 96 gold pieces
 25773 | Orc:1    | Killed an orc warlord
 25773 | Orc:1    | Reached skill level 22 in Stealth
 25833 | Orc:1    | Received a gift from Trog
 26291 | Swamp:1  | Entered Level 1 of the Swamp
 27507 | Swamp:1  | Reached skill level 5 in Crossbows
 29702 | Swamp:2  | Slain by a swamp worm

Vault maps used:
D:1:      sevenhm_arrival_forest_fort_large_4, serial_glass, glass_columns_c,
          glass_columns_c, nemelex_xobeh_ov_fountains_minmay
D:2:      nicolae_ru_path_of_blood
D:3:      corexii_shack
D:4:      minmay_temple_entry_poolview, first_bread, uniq_robin, uniq_sigmund,
          uniq_grinder, uniq_eustachio
D:5:      minitemple, uniq_pikel
D:6:      basic_altar, uniq_duvessa, uniq_menkaure
D:7:      kennysheep_spiral_hall, nicolae_overflow_hidden_temple, the_bakery
D:8:      serial_shops, nicolae_shop_stone, trog_wizard
D:9:      nicolae_overflow_crystal_walls, minmay_fountain_box,
          hangedman_feature_mirror, nicolae_qazlal_general_emergency
D:10:     david_lair_generic
D:11:     david_orc_1_choice, cheibriados_altar_1
D:12:     basic_altar, enter_bailey_3, abandoned_shop, st_stairs_4
Lair:1:   hibernation_bobbens
Lair:2:   serial_forest, infiniplex_forest_clump_diagonal,
          infiniplex_forest_join, infiniplex_forest_clump_small,
          infiniplex_forest_clump_small, infiniplex_forest_zigzag_2,
          infiniplex_forest_lined_3, infiniplex_forest_straight_4,
          infiniplex_forest_clump_diagonal, basic_altar
Lair:3:   minmay_swamp_entry_worms, dummy_snake_entry, uniq_gastronok,
          uniq_harold
Lair:4:   serial_bayou_shore_b
Lair:5:   minivault_25, grunt_forest_large_clearings, serial_bayou_shore_b
Lair:6:   lemuel_centaur_altar
Lair:7:   slime_altar_1, hangedman_lair_generics_rect, grunt_megastairs_3
Lair:8:   evilmike_catoblepas_cave
Swamp:1:  evilmike_swamp_ruin_house_5, st_swamp_ruins_1,
          infiniplex_staircase_pool_2
Swamp:2:  nicolae_swamp_very_dense_foliage
Orc:1:    serial_shops, nicolae_shop_competitors_out_of_business, basic_altar
Orc:2:    grunt_orc_cross
Bailey:   bailey_polearm_5, bailey

Skill      XL: |  1  2  3  4  5  6  7  8  9 10 11 12 13 14 15 |
---------------+----------------------------------------------+-----
Stealth        | 2 3 5 6 9 10 12 14 16 18 20 21 22 | 22.5
Short Blades   | 4 5 6 7 10 12 14 | 14.4
Fighting       | 4 6 10 | 10.0
Dodging        | 10 15 18 19 | 19.5
Crossbows      | 6 |  6.8

Action                   |  1- 3 |  4- 6 |  7- 9 | 10-12 | 13-15 || total
-------------------------+-------+-------+-------+-------+-------++-------
Melee: Short sword       |   137 |   174 |   390 |    39 |       ||   740
       Rapier            |       |       |       |   824 |  1648 ||  2472
       Kick              |       |       |       |   262 |   761 ||  1023
       Quick blade       |       |       |       |       |   147 ||   147
 Fire: Blowgun           |       |       |       |     3 |       ||     3
       Arbalest          |       |       |       |       |    70 ||    70
Invok: Berserk           |     4 |     4 |    10 |    18 |    28 ||    64
       Trog's Hand       |       |     1 |     1 |     1 |     5 ||     8
       Burn Spellbooks   |       |       |     1 |     5 |       ||     6
       Brothers in Arms  |       |       |       |     6 |     5 ||    11
Evoke: Wand              |       |       |       |       |     5 ||     5
  Use: Scroll            |       |     8 |     4 |    13 |    21 ||    46
       Potion            |       |     1 |       |     4 |     1 ||     6
 Stab: Sleeping          |     7 |     9 |    13 |    53 |    83 ||   165
       Distracted        |       |       |     3 |     7 |    16 ||    26
  Eat: Royal jelly       |     1 |       |       |     1 |     1 ||     3
       Bread ration      |       |     1 |     3 |     3 |     6 ||    13
       Fruit             |       |       |       |     7 |    11 ||    18
       Pizza             |       |       |       |     2 |       ||     2
Armor: Animal skin       |    12 |    19 |    33 |    23 |       ||    87
       Robe              |       |       |       |       |    56 ||    56
Dodge: Dodged            |    89 |   128 |   306 |   535 |  1347 ||  2405
